 Dungeon Crawl Stone Soup version 0.25-a0-730-g633e9c3c14 (webtiles) character file.

Game seed: 7899162501383195830, levelgen mode: deterministic

572 Lovchig the Insei (level 7, -4/53 HPs)
             Began as a Vampire Monk on Apr 7, 2020.
             Was a Believer of Nemelex Xobeh.
             Slain by a black bear (9 damage)
             ... on level 6 of the Dungeon.
             The game lasted 00:12:45 (4653 turns).

Lovchig the Insei (Vampire Monk)                    Turns: 4653, Time: 00:12:46

Health: -4/53      AC:  3    Str: 10    XL:     7   Next: 12%
Magic:  7/7        EV: 15    Int: 13    God:    Nemelex Xobeh [**....]
Gold:   165        SH:  0    Dex: 18    Spells: 6/6 levels left

rFire    . . .     SeeInvis +     - Unarmed
rCold    + . .     Gourm    .   (no shield)
rNeg     . . .     Faith    .   a - +0 robe
rPois    .         Spirit   .   f - +0 helmet
rElec    .         Reflect  .   (no cloak)
rCorr    .         Harm     .   (no gloves)
MR       .....                  (no boots)
Stlth    +++.......             (no amulet)
HPRegen  0.37/turn              e - ring of protection from cold
MPRegen  0.10/turn              (no ring)

@: regenerating quickly
A: no food, fangs 3, see invisible, unbreathing
a: Exsanguinate, Draw Escape, Draw Destruction, Draw Summoning, Renounce
Religion


You were on level 6 of the Dungeon.
You worshipped Nemelex Xobeh.
Nemelex Xobeh was pleased with you.
You were alive.

You visited 2 branches of the dungeon, and saw 7 of its levels.

You collected 165 gold pieces.

Inventory:

Armour
 a - a +0 robe (worn)
 f - a +0 helmet (worn)
Jewellery
 e - a ring of protection from cold (left hand)
Scrolls
 c - 2 scrolls of remove curse
 g - a scroll of magic mapping
 i - a scroll of fear {unknown}
Potions
 b - a potion of magic
 d - 4 potions of heal wounds
 h - a potion of berserk rage {unknown}
 j - a potion of mutation {unknown}


   Skills:
 * Level 3.6 Fighting
 * Level 5.0 Dodging
 * Level 6.1 Stealth
 * Level 6.5 Unarmed Combat


You had 6 spell levels left.
You didn't know any spells.
Your spell library contained the following spells:

 Spells                   Type           Power        Failure   Level  Hunger
 Corona                   Hex            #......      30%         1    N/A
 Foxfire                  Conj/Fire      #...         30%         1    N/A
 Ensorcelled Hibernation  Hex/Ice        #.....       43%         2    N/A
 Confusing Touch          Hex            #.......     67%         3    N/A
 Dazzling Flash           Conj/Hex       #.....       67%         3    N/A
 Tukima's Dance           Hex            #.......     67%         3    N/A
 Cause Fear               Hex            #.........   97%         4    N/A
 Dragon Form              Tmut           #.........   100%        7    N/A
 Dragon's Call            Summ           #.........   100%        9    N/A

Dungeon Overview and Level Annotations

Branches:
Dungeon (6/15)             Temple (1/1) D:5

Altars:
Ashenzari
Cheibriados
Dithmenos
Elyvilon
Fedhas
Gozag
Hepliaklqana
Kikubaaqudgha
Makhleb
Nemelex Xobeh
Okawaru
Qazlal
Ru
Sif Muna
Trog
Uskayaw
Vehumet
Wu Jian
Xom
Yredelemnul
Zin
The Shining One

Shops:
D:5 %

Annotations:
D:4 3 runed translucent doors, p0werm0de's ghost, amateur GrFi


Innate Abilities, Weirdness & Mutations

You do not eat.
Your natural rate of healing is unusually fast.
You have razor-sharp teeth.
You have supernaturally acute eyesight. (SInv)
You can survive without breathing.


Message History

The black bear closely misses you.
The black bear bites you but does no damage.
The black bear claws you but does no damage.
The black bear claws you.
The black bear misses you. x2; The black bear completely misses you.
The black bear completely misses you. The black bear claws you. x2
* * * LOW HITPOINT WARNING * * *
The black bear rages.
Found a fizzy black potion.
The black bear rages.
The black bear bites you.
* * * LOW HITPOINT WARNING * * *
The black bear claws you.
* * * LOW HITPOINT WARNING * * *
The black bear claws you.
* * * LOW HITPOINT WARNING * * *
You draw a card...
You have drawn the Elixir.
You begin rapidly regenerating magic.
The black bear bites you!
You die...
Your body glows slightly and disappears.

############
#..........####
.............###.#
............h@...#
#######.##..........#
<......)...##.......#
###....†...).....>..#
#...#..#####.####.##..
..##..## #... .# ..!
.# #.## ####...# ..# .
#.# ... .# #.# #


You could see a black bear (berserk).

Vanquished Creatures
  A centaur skeleton (D:5)
  2 hounds (D:4)
  3 orc wizards (D:4)
  2 worker ants
  4 gnolls
  8 adders
  3 worms
  A dart slug (D:1)
  2 leopard geckos
  8 orcs
  2 giant cockroaches
  11 goblins
  4 hobgoblins
  5 jackals
  2 quokkas (D:4)
  8 bats
  6 frilled lizards
  7 kobolds
  A leopard gecko skeleton (D:4)
  11 rats
91 creatures vanquished.

Vanquished Creatures (collateral kills)
  Grinder (D:6)
  An ogre (D:5)
2 creatures vanquished.

Grand Total: 93 creatures vanquished

Notes
Turn   | Place    | Note
-------+----------+-------------------------------------------
     0 | D:1      | Lovchig the Vampire Monk began the quest for the Orb.
     0 | D:1      | Reached XP level 1. HP: 17/17 MP: 1/1
    55 | D:1      | Reached XP level 2. HP: 11/23 MP: 2/2
   719 | D:2      | Reached XP level 3. HP: 29/29 MP: 3/3
   967 | D:2      | Reached XP level 4. HP: 35/35 MP: 4/4
  1223 | D:2      | Found a blossoming altar of Fedhas.
  1790 | D:3      | Found a bloodstained altar of Trog.
  2018 | D:3      | Found a faded altar of an unknown god.
  2201 | D:4      | Reached XP level 5. HP: 16/41 MP: 5/5
  2229 | D:4      | HP: 2/41 [orc wizard/magic dart (7)]
  2231 | D:4      | Reached skill level 5 in Unarmed Combat
  2414 | D:4      | Found a runed translucent gate.
  2414 | D:4      | Found a runed translucent gate.
  2414 | D:4      | Found a runed translucent gate.
  2415 | D:4      | Found an opulent altar of Gozag.
  2415 | D:4      | Noticed a necrophage
  2416 | D:4      | Noticed p0werm0de's ghost (amateur GrFi)
  2421 | D:4      | Noticed a phantom
  2446 | D:4      | Reached skill level 5 in Stealth
  2736 | D:4      | Reached XP level 6. HP: 47/47 MP: 6/6
  3372 | D:5      | Entered Level 5 of the Dungeon
  3409 | D:5      | Found a staircase to the Ecumenical Temple.
  3421 | Temple   | Entered the Ecumenical Temple
  3469 | Temple   | Became a worshipper of Nemelex Xobeh the Trickster
  3469 | Temple   | Received a gift from Nemelex Xobeh
  3469 | Temple   | Reached * piety under Nemelex Xobeh
  3469 | Temple   | Received a gift from Nemelex Xobeh
  3469 | Temple   | Reached ** piety under Nemelex Xobeh
  4030 | D:5      | Found Baedd's Food Shoppe.
  4170 | D:5      | Received a gift from Nemelex Xobeh
  4591 | D:6      | Noticed Grinder
  4638 | D:6      | Killed Grinder
  4638 | D:6      | Reached skill level 5 in Dodging
  4638 | D:6      | Reached XP level 7. HP: 43/53 MP: 7/7
  4653 | D:6      | Slain by a black bear

Levels and vault maps discovered:
D:1:      dpeg_arrival_pond, layout_basic
D:2:      layout_loops_cross, fedhas_altar_4
D:3:      layout_loops_cross, lightli_temple_of_fire,
          chequers_ecumenical_altar_lobes
D:4:      cheibrodos_helix_gallery, layout_layer_cave, ebering_ghost_gozag,
          serial_bayou_lake_a
D:5:      layout_basic, minmay_temple_entry_slanted, serial_bayou,
          serial_bayou_pond_c, serial_bayou_shore_b, serial_bayou_shore_a,
          serial_bayou_ford_a, first_ration, serial_shops,
          nicolae_shop_behind_doors
D:6:      layout_rooms, uniq_eustachio, uniq_grinder
Temple:   grunt_wide_crystal_templ

Skill      XL: |  1  2  3  4  5  6 |
---------------+-------------------+-----
Fighting       | 3 |  3.6
Unarmed Combat | 4 5 6 |  6.5
Dodging        | 4 5 |  5.0
Stealth        | 4 5 6 |  6.1

Action                   |  1- 3 |  4- 6 |  7- 9 || total
-------------------------+-------+-------+-------++-------
Melee: Unarmed           |   132 |   244 |     8 ||   384
       Bite              |     6 |    20 |     2 ||    28
       Punch             |       |     1 |       ||     1
Invok: Draw Summoning    |       |     2 |       ||     2
       Draw Escape       |       |       |     1 ||     1
  Use: Scroll            |     1 |     5 |       ||     6
 Stab: Sleeping          |     3 |    14 |       ||    17
       Distracted        |     1 |       |       ||     1
       Petrified         |       |     4 |       ||     4
Armor: Robe              |    20 |    23 |     5 ||    48
Dodge: Dodged            |   100 |   125 |    13 ||   238

Table legend:
 A = Non-vault XP
 B = Vault XP
 C = Vault XP percentage of total XP
 D = Non-vault monster count
 E = Vault monster count
 F = Vault count percentage of total count
                 A         B        C        D         E       F
            +---------+---------+-------+---------+---------+-------
      Total |     622 |     196 |  24.0 |      90 |       3 |   3.2
            +---------+---------+-------+---------+---------+-------
        D:1 |      38 |       0 |   0.0 |      24 |       0 |   0.0
        D:2 |      89 |       0 |   0.0 |      26 |       0 |   0.0
        D:3 |      51 |       0 |   0.0 |      15 |       0 |   0.0
        D:4 |     283 |      36 |  11.3 |      19 |       2 |   9.5
        D:5 |     147 |       0 |   0.0 |       5 |       0 |   0.0
        D:6 |      14 |     160 |  92.0 |       1 |       1 |  50.0
            +---------+---------+-------+---------+---------+-------
